 Dungeon Crawl Stone Soup version 0.24-a0-140-gcaa6c10 (webtiles) character file.

Game seed: 11966184299244132444

1750 galech the Chopper (level 8, -11/63 HPs)
             Began as a Demonspawn Fighter on Mar 4, 2019.
             Mangled by an ogre
             ... wielding a +0 giant spiked club
              (25 damage)
             ... on level 6 of the Dungeon.
             The game lasted 00:06:35 (5602 turns).

galech the Chopper (Demonspawn Fighter)             Turns: 5602, Time: 00:06:36

Health: -11/63     AC:  7    Str: 17    XL:     8   Next: 78%
Magic:  8/8        EV:  9    Int:  9    God:
Gold:   207        SH: 10    Dex: 15    Spells: 7/7 levels left

rFire    + . .     SeeInvis .   a - +0 war axe
rCold    . . .     Gourm    .   c - +0 shield
rNeg     . . .     Faith    .   b - +0 scale mail
rPois    .         Spirit   .   (no helmet)
rElec    .         Reflect  .   (no cloak)
rCorr    .         Harm     .   (no gloves)
MR       .....                  (no boots)
Stlth    ..........             h - amulet of regeneration
HPRegen  0.60/turn              (no ring)
MPRegen  0.11/turn              (no ring)

@: about to teleport
A: fire resistance 1, powered by pain 2
a: no special abilities


You were on level 6 of the Dungeon.
You were not hungry.

You visited 1 branch of the dungeon, and saw 6 of its levels.

You collected 207 gold pieces.

Inventory:

Hand Weapons
 a - a +0 war axe (weapon)
Armour
 b - a +0 scale mail (worn)
 c - a +0 shield (worn)
Jewellery
 h - an amulet of regeneration (around neck)
 n - an uncursed ring of ice
 r - an uncursed amulet of the gourmand
Wands
 u - a wand of iceblast (5)
 A - a wand of paralysis (7)
Scrolls
 d - 2 scrolls of amnesia
 i - 2 scrolls of remove curse
 m - 4 scrolls of noise
 o - a scroll of magic mapping
 y - a scroll of blinking {unknown}
 B - a scroll of random uselessness {unknown}
Potions
 e - 4 potions of curing
 j - 2 potions of haste {unknown}
 k - 3 potions of ambrosia {unknown}
 l - 6 potions of agility {unknown}
 p - 2 potions of lignification
 s - a potion of berserk rage
 t - 2 potions of invisibility {unknown}
 v - a potion of heal wounds {unknown}
 w - a potion of brilliance {unknown}
 x - a potion of cancellation {unknown}
 z - a potion of magic {unknown}
Comestibles
 f - 9 rations
 q - 7 chunks of flesh


   Skills:
 + Level 5.4 Fighting
 + Level 6.4 Axes
 + Level 5.3 Armour
 + Level 2.8 Dodging
 + Level 0.3 Stealth
 + Level 5.2 Shields


You had 7 spell levels left.
You didn't know any spells.
Your spell library contained the following spells:

 Spells                   Type           Power        Failure   Level  Hunger
 Freeze                   Ice            #...         99%         1    ##.....
 Throw Frost              Conj/Ice       #.....       100%        2    ###....
 Ozocubu's Armour         Chrm/Ice       #.......     100%        3    ####...
 Summon Ice Beast         Ice/Summ       #.......     100%        4    #####..
 Throw Icicle             Conj/Ice       #.......     100%        4    #####..


Dungeon Overview and Level Annotations

Branches:
Dungeon (6/15)
 Temple: D:4-7

Altars:
Xom
The Shining One


Innate Abilities, Weirdness & Mutations

Your flesh is heat resistant. (rF+)
You sometimes gain power by taking damage.


Message History

The ogre hits you with a +0 giant spiked club!!
Your shield and scale mail prevent you from hitting the crimson imp.
The crimson imp is moderately wounded.
You slash the ogre! The crimson imp completely misses you. The ogre misses you.
The worker ant zombie bites you.
You hit the ogre.
The ogre is heavily wounded.
You hit the worker ant zombie. You barely miss the crimson imp.
The crimson imp hits you but does no damage.
The worker ant zombie closely misses you.
The ogre hits you with a +0 giant spiked club!!
* * * LOW HITPOINT WARNING * * *
The crimson imp barely misses you.
You feel better.
You block the worker ant zombie's attack.
The crimson imp blinks!
As you read the scroll of teleportation, it crumbles to dust.
You feel strangely unstable.
The ogre hits you with a +0 giant spiked club!!
You die...

#.# ##.# .# #..# #..###
#####.## # ##..[.# #......#
#### .......## #......#
###...
........####......####...##
.....)§#ZO###.....#...####
.......###@.#......####
....... ##†.....### .......
###.#### ....... #.#
....... #># ....... #.#####
#.##..## ###......## #
#.........## ##


You could see an ogre and a worker ant zombie.

Vanquished Creatures
  Sigmund (D:2)
  Eustachio (D:4)
  A black bear (D:6)
  An ice beast (D:5)
  A sky beast (D:6)
  A centaur (D:5)
  2 bullfrogs
  A scorpion (D:6)
  3 howler monkeys
  A bullfrog zombie (D:6)
  2 hounds
  2 orc priests
  A bullfrog skeleton (D:6)
  3 orc wizards
  A jelly (D:6)
  Jessica (D:3)
  An iguana (D:3)
  Terence (D:2)
  5 worker ants
  Natasha (thrice) (D:3)
  A howler monkey skeleton (D:5)
  7 adders
  3 shadow imps
  2 oozes (D:6)
  2 worms
  2 dart slugs (D:1)
  5 leopard geckos
  8 orcs
  5 giant cockroaches
  5 goblins
  9 hobgoblins
  22 jackals
  6 kobolds
  2 quokkas
  3 ball pythons
  5 bats
  9 frilled lizards
  A jackal skeleton (D:3)
  4 rats
134 creatures vanquished.

Vanquished Creatures (others)
  A sky beast (D:5)
1 creature vanquished.

Grand Total: 135 creatures vanquished

Notes
Turn   | Place    | Note
-------+----------+-------------------------------------------
     0 | D:1      | galech the Demonspawn Fighter began the quest for the Orb.
     0 | D:1      | Reached XP level 1. HP: 18/18 MP: 1/1
    57 | D:1      | Gained mutation: You sometimes gain a little power by
                  | taking damage. [demonic ancestry]
    57 | D:1      | Reached XP level 2. HP: 15/24 MP: 2/2
   495 | D:1      | Reached XP level 3. HP: 29/29 MP: 3/3
   521 | D:1      | Reached skill level 2 in Axes
  1138 | D:2      | Noticed Sigmund
  1144 | D:2      | Reached XP level 4. HP: 12/35 MP: 4/4
  1147 | D:2      | Killed Sigmund
  1147 | D:2      | Reached skill level 3 in Axes
  1147 | D:2      | Reached skill level 1 in Dodging
  1147 | D:2      | Gained mutation: You sometimes gain power by taking damage.
                  | [demonic ancestry]
  1147 | D:2      | Reached XP level 5. HP: 6/42 MP: 5/5
  1451 | D:2      | Noticed Terence
  1457 | D:2      | Killed Terence
  1776 | D:3      | Noticed Natasha
  1784 | D:3      | Killed Natasha
  1784 | D:3      | Reached XP level 6. HP: 36/48 MP: 6/6
  2332 | D:3      | Noticed Natasha
  2355 | D:3      | Killed Natasha
  2692 | D:3      | Noticed Jessica
  2699 | D:3      | Killed Jessica
  2731 | D:3      | Noticed Natasha
  2736 | D:3      | Killed Natasha
  2824 | D:3      | Reached skill level 4 in Axes
  2925 | D:3      | Found a glowing golden altar of the Shining One.
  3030 | D:4      | Noticed Eustachio
  3079 | D:3      | Reached XP level 7. HP: 38/54 MP: 7/7
  3374 | D:4      | Killed Eustachio
  3667 | D:4      | Reached skill level 5 in Axes
  4251 | D:5      | Entered Level 5 of the Dungeon
  4577 | D:5      | Gained mutation: Your flesh is heat resistant. (rF+)
                  | [demonic ancestry]
  4577 | D:5      | Reached XP level 8. HP: 39/61 MP: 8/8
  4892 | D:5      | Reached skill level 5 in Armour
  5062 | D:6      | Reached skill level 5 in Fighting
  5103 | D:6      | Reached skill level 5 in Shields
  5265 | D:6      | Found a shimmering altar of Xom.
  5266 | D:6      | Found a shimmering altar of Xom.
  5266 | D:6      | Found a shimmering altar of Xom.
  5266 | D:6      | Found a shimmering altar of Xom.
  5268 | D:6      | Found a shimmering altar of Xom.
  5285 | D:6      | Reached skill level 6 in Axes
  5602 | D:6      | Mangled by an ogre

Levels and vault maps discovered:
D:1:      grunt_arrival_crossed_arrows, layout_rooms
D:2:      layout_loops_ring, uniq_sigmund, uniq_terence
D:3:      layout_rooms, lemuel_coloured_pillars_altar, uniq_natasha,
          uniq_jessica
D:4:      layout_basic, uniq_eustachio
D:5:      kennysheep_big_flooded_room, layout_rooms, first_ration
D:6:      layout_cave_pods, basic_altar, xom_redecorated

Skill      XL: |  1  2  3  4  5  6  7  8 |
---------------+-------------------------+-----
Shields        | 3 4 5 |  5.2
Armour         | 3 4 5 |  5.3
Axes           | 2 3 4 5 6 |  6.4
Dodging        | 1 2 |  2.8
Fighting       | 4 5 |  5.4
Stealth        | |  0.3

Action                   |  1- 3 |  4- 6 |  7- 9 || total
-------------------------+-------+-------+-------++-------
Melee: War axe           |   143 |   140 |   291 ||   574
  Use: Scroll            |     4 |     4 |     1 ||     9
       Potion            |     2 |     2 |     2 ||     6
  Eat: Chunk             |     1 |     6 |     9 ||    16
Armor: Scale mail        |    71 |    83 |   137 ||   291
Dodge: Dodged            |    65 |    62 |   123 ||   250
Block: Shield            |    77 |    93 |   217 ||   387

Table legend:
 A = Non-vault XP
 B = Vault XP
 C = Vault XP percentage of total XP
 D = Non-vault monster count
 E = Vault monster count
 F = Vault count percentage of total count
                 A         B        C        D         E       F
            +---------+---------+-------+---------+---------+-------
      Total |    1872 |     629 |  25.1 |     128 |       7 |   5.2
            +---------+---------+-------+---------+---------+-------
        D:1 |      49 |       0 |   0.0 |      26 |       0 |   0.0
        D:2 |      68 |     256 |  79.0 |      19 |       2 |   9.5
        D:3 |     225 |      69 |  23.5 |      20 |       2 |   9.1
        D:4 |     271 |     214 |  44.1 |      21 |       1 |   4.5
        D:5 |     569 |      90 |  13.7 |      20 |       2 |   9.1
        D:6 |     690 |       0 |   0.0 |      22 |       0 |   0.0
            +---------+---------+-------+---------+---------+-------
